 Dungeon Crawl Stone Soup version 0.27.1-33-g824d729ab1 (webtiles) character file.

Game seed: 3060753450282264452

998 lordive the Archer (level 8, -1/63 (67) HPs)
             Began as a Minotaur Hunter on Dec 27, 2021.
             Slain by a gnoll (13 damage)
             ... on level 5 of the Dungeon.
             The game lasted 00:06:21 (4567 turns).

lordive the Archer (Minotaur Hunter)                Turns: 4567, Time: 00:06:21

HP:   -1/63 (67)    AC:  3    Str: 16    XL:     8   Next: 0%
MP:   7/7           EV: 12    Int:  8    God:
Gold: 135           SH:  0    Dex: 14    Spells: 7/7 levels left

rFire    . . .     SeeInvis .   a - +1 shortbow
rCold    . . .     Faith    .   (shield currently unavailable)
rNeg     . . .     Spirit   .   c - +0 leather armour
rPois    .         Reflect  .   (helmet restricted)
rElec    .         Harm     .   (no cloak)
rCorr    .         Rampage  .   (no gloves)
Will     .....                  (no boots)
Stlth    ++........             (no amulet)
HPRegen  0.20/turn              y - +4 ring of slaying
MPRegen  0.10/turn              (no ring)

@: drained
A: horns 2, retaliatory headbutt
a: no special abilities


You were on level 5 of the Dungeon.
You visited 1 branch of the dungeon, and saw 5 of its levels.

You collected 135 gold pieces.

Inventory:

Hand Weapons
 a - a +1 shortbow (weapon)
 b - a +0 short sword
Missiles
 d - 54 arrows (quivered ammo)
 p - a throwing net
Armour
 c - a +0 leather armour (worn)
Magical Staves
 u - a staff of earth
Jewellery
 y - a +4 ring of slaying (left hand)
Wands
 A - a wand of flame (14)
Scrolls
 e - a scroll of silence {unknown}
 f - a scroll of holy word {unknown}
 h - a scroll of brand weapon {unknown}
 i - 6 scrolls of identify {unknown}
 k - a scroll of immolation {unknown}
 l - 2 scrolls of teleportation {unknown}
 m - a scroll of enchant armour {unknown}
 o - a scroll of magic mapping {unknown}
 q - a scroll of vulnerability {unknown}
 r - a scroll of fog {unknown}
 w - a scroll of amnesia {unknown}
Potions
 g - 3 potions of curing {unknown}
 j - a potion of haste {unknown}
 n - 3 potions of degeneration {unknown}
 s - a potion of heal wounds {unknown}
 t - 2 potions of brilliance {unknown}
 v - a potion of ambrosia {unknown}
 x - a potion of lignification {unknown}
 z - a potion of cancellation {unknown}


   Skills:
 + Level 4.9 Fighting
 + Level 9.5 Bows
 + Level 3.5 Armour
 + Level 2.3 Dodging
 + Level 1.4 Stealth


You had 7 spell levels left.
You didn't know any spells.
Your spell library contained the following spells:

 Spells                   Type           Power      Damage    Failure   Level
 Corpse Rot               Necr/Air       N/A        N/A       61%         2
 Poisonous Vapours        Pois/Air       0%         N/A       61%         2
 Static Discharge         Conj/Air       0%         N/A       61%         2
 Stone Arrow              Conj/Erth      0%         3d7       83%         3
 Bolt of Magma            Conj/Fire/Erth 0%         4d4       100%        5
 Freezing Cloud           Conj/Ice/Air   0%         6-21      100%        5
 Lightning Bolt           Conj/Air       0%         1d11      100%        5
 Maxwell's Capacitive Co  Air            0%         ∞         100%        8
 Shatter                  Erth           0%         3d5*      100%        9


Dungeon Overview and Level Annotations

Branches:
Dungeon (5/15)
 Temple: D:4-7

Altars:

Annotations:
D:5 Edmund


Innate Abilities, Weirdness & Mutations

You have a pair of horns on your head.
You reflexively headbutt those who attack you in melee.


Message History

The gnoll barely misses you. You furiously retaliate!
You headbutt the gnoll. You shoot an arrow. The arrow closely misses the gnoll.
The gnoll closely misses you.
You shoot an arrow. The arrow barely misses the gnoll.
You shoot an arrow. The arrow hits the gnoll!
You kill the gnoll!
You have reached level 8!
You feel agile.
d - 52 arrows (gained 3)
You see here a +0 flail.
d - 54 arrows (gained 2)
You see here a +0 flail.
There is a stone staircase leading down, spattered with blood here.
You start resting.
HP restored.
You climb downwards.
Level annotation: Edmund The necrophage hits you. x2
There is a stone staircase leading up, spattered with blood here.
The gnoll throws a throwing net.
The throwing net hits you.
You become entangled in the net!
You stop ascending the stairs.
The gnoll hits you from afar with a +0 halberd!
The necrophage hits you.
You feel drained.
Unknown command.
You struggle against the net.
The gnoll hits you from afar with a +0 halberd!
The necrophage hits you but does no damage.
Unknown command.
You struggle against the net.
The gnoll hits you but does no damage. The gnoll barely misses you.
The necrophage hits you.
You feel drained.
Unknown command.
You rip the net and break free!
The gnoll hits you with a +0 club!
The gnoll hits you from afar with a +0 halberd!
* * * LOW HITPOINT WARNING * * *
The necrophage hits you.
* * * LOW HITPOINT WARNING * * *
Unknown command.
The gnoll barely misses you. You furiously retaliate!
You headbutt the gnoll!
The gnoll hits you from afar with a +0 halberd!
You die...

#.)....#
#####.##
..#####.##
..........
#.#####.#. ####
### #@#
.....g.gn....#
...#.#.#.#.#...
.. .$ .. .. ...
... ... ... ..
.... .... .. #
.#... .).#= .
#..... ......


You could see a necrophage and 2 gnolls.

Vanquished Creatures
  Grinder (D:4)
  3 ogres
  A centaur (D:5)
  A scorpion (D:4)
  2 electric eels (D:4)
  A jelly (D:4)
  A bullfrog skeleton (D:4)
  A hound (D:4)
  An orc priest (D:4)
  An iguana (D:4)
  A hound zombie (D:5)
  A hound skeleton (D:4)
  6 gnolls
  4 adders
  An adder skeleton (D:4)
  A dart slug (D:1)
  3 orcs
  8 endoplasms
  4 giant cockroaches
  5 goblins
  8 hobgoblins
  4 jackals (D:4)
  3 quokkas
  2 ball pythons (D:4)
  8 bats
  3 frilled lizards
  10 kobolds
  6 rats
91 creatures vanquished.

Vanquished Creatures (others)
  A plant (D:4)
1 creature vanquished.

Grand Total: 92 creatures vanquished

Notes
Turn   | Place    | Note
-------+----------+-------------------------------------------
     0 | D:1      | lordive the Minotaur Hunter began the quest for the Orb.
     0 | D:1      | Reached XP level 1. HP: 18/18 MP: 0/0
   139 | D:1      | Reached XP level 2. HP: 25/25 MP: 1/1
   164 | D:1      | Reached skill level 5 in Bows
   413 | D:1      | Reached skill level 1 in Armour
   837 | D:2      | Reached XP level 3. HP: 30/30 MP: 2/2
  1599 | D:3      | Reached XP level 4. HP: 37/37 MP: 3/3
  1742 | D:3      | Noticed an ogre
  1750 | D:3      | Killed an ogre
  1751 | D:3      | Reached skill level 6 in Bows
  1751 | D:3      | Reached XP level 5. HP: 45/45 MP: 4/4
  2305 | D:3      | Found a faded altar of an unknown god.
  2682 | D:4      | Noticed Grinder
  2693 | D:4      | Killed Grinder
  2694 | D:4      | Reached skill level 7 in Bows
  2694 | D:4      | Reached skill level 1 in Stealth
  2694 | D:4      | Reached XP level 6. HP: 50/52 MP: 5/5
  2887 | D:4      | Reached skill level 8 in Bows
  2887 | D:4      | Reached XP level 7. HP: 40/60 MP: 6/6
  3515 | D:4      | Found a transporter.
  3547 | D:4      | Found a transporter.
  4035 | D:4      | Reached skill level 9 in Bows
  4290 | D:5      | Entered Level 5 of the Dungeon
  4369 | D:5      | Noticed Edmund
  4541 | D:4      | Reached XP level 8. HP: 62/67 MP: 7/7
  4567 | D:5      | Slain by a gnoll

Illustrated notes

Levels and vault maps discovered:
D:1:      dpeg_arrival_arbitrary_b, layout_rooms
D:2:      layout_basic
D:3:      layout_basic, shapermc_ecumenical_altar_pompeii
D:4:      gammafunk_steamed_eel, layout_loops_ring, st_stairs_4, uniq_grinder
D:5:      layout_basic, lemuel_round_altar, minmay_temple_entry_glass,
          gammafunk_ghost_hive, hangedman_decor_diamond_cutter, uniq_edmund

Skill      XL: |  1  2  3  4  5  6  7 |
---------------+----------------------+-----
Bows           | 5 6 7 8 9 |  9.5
Armour         | 1 2 3 |  3.5
Fighting       | 3 4 |  4.9
Stealth        | 1 |  1.4
Dodging        | |  2.3

Action                   |  1- 3 |  4- 6 |  7- 9 || total
-------------------------+-------+-------+-------++-------
Melee: Short sword       |     7 |       |       ||     7
 Fire: Shortbow          |    86 |    86 |   111 ||   283
Evoke: Wand              |       |       |     1 ||     1
Armor: Leather armour    |    21 |     4 |     5 ||    30
Dodge: Dodged            |    35 |    15 |    20 ||    70
